 Dungeon Crawl Stone Soup version 0.26-a0-753-g4680b4fa2e (webtiles) character file.

Game seed: 14242553956694666204

100 Froggeryz the Ruffian (level 4, 0/38 HPs)
             Began as a Naga Transmuter on Nov 7, 2020.
             Slain by a killer bee (5 damage)
             ... on level 3 of the Dungeon.
             The game lasted 00:02:36 (3324 turns).

Froggeryz the Ruffian (Naga Transmuter)             Turns: 3324, Time: 00:02:37

Health: 0/38       AC:  2    Str: 13      XL:     4   Next: 74%
Magic:  7/7        EV: 10    Int: 19 (20) God:
Gold:   46         SH:  0    Dex:  9 (11) Spells: 6/7 levels left

rFire    . . .     SeeInvis +     - Unarmed
rCold    . . .     Faith    .   (no shield)
rNeg     . . .     Spirit   .   a - +0 robe
rPois    +         Reflect  .   (no helmet)
rElec    .         Harm     .   (no cloak)
rCorr    .         Rampage  .   (no gloves)
MR       .....                  (no barding)
Stlth    ++........             (no amulet)
HPRegen  0.12/turn              h - +6 ring of intelligence
MPRegen  0.10/turn              l - ring of stealth

@: about to teleport, short of breath, lightly drained, very slow
A: large, see invisible, deformed body, poison resistance, slowness 2, spit
poison 1, AC +1
a: Spit Poison


You were on level 3 of the Dungeon.
You visited 1 branch of the dungeon, and saw 3 of its levels.

You collected 46 gold pieces.

Inventory:

Missiles
 i - 16 poisoned darts (quivered)
Armour
 a - a +0 robe (worn)
Jewellery
 g - an uncursed ring of protection from magic
 h - a +6 ring of intelligence (left hand)
 j - an uncursed ring of protection from magic
 l - a ring of stealth (right hand)
Scrolls
 b - 8 scrolls of identify {unknown}
 c - a scroll of fear {unknown}
 d - a scroll of teleportation
 f - a scroll of magic mapping {unknown}
 k - a scroll of remove curse {unknown}
 p - a scroll of fog {unknown}
Potions
 e - a potion of lignification
 n - a potion of magic


   Skills:
 - Level 1.0(0.9) Fighting
 - Level 1.5(1.4) Dodging
 * Level 4.7(4.6) Unarmed Combat
 - Level 2.0(1.9) Spellcasting
 + Level 3.1(3.0) Transmutations


You had 6 spell levels left.
You knew the following spells:

 Your Spells              Type           Power        Failure   Level
a - Beastly Appendage     Tmut           ##....       4%          1

Your spell library contained the following spells:

 Spells                   Type           Power        Failure   Level
 Wereblood                Tmut           ##......     8%          2
 Spider Form              Tmut/Pois      #.........   28%         3
 Ice Form                 Ice/Tmut       #.......     67%         4
 Blade Hands              Tmut           ##........   80%         5


Dungeon Overview and Level Annotations

Branches:
Dungeon (3/15)

Altars:
Cheibriados
Dithmenos
Hepliaklqana
Qazlal
Trog
Xom
Zin
The Shining One


Innate Abilities, Weirdness & Mutations

You cannot wear boots.
Your serpentine skin is tough. (AC +1)
You have supernaturally acute eyesight. (SInv)
Armour fits poorly on your strangely shaped body.
Your system is resistant to poisons. (rPois)
You cover ground very slowly.
You can spit poison.


Message History

You hear an angry buzzing noise.
A killer bee comes into view.
The killer bee buzzes angrily.
The killer bee stings you!
Press: ? - help, Shift-Dir - straight line, f - killer bee
Aim: a killer bee The splash of poison misses the killer bee.
The killer bee stings you. The killer bee closely misses you.
The killer bee barely misses you. The killer bee closely misses you.
As you read the scroll labeled GEFUIF JIANWE, it crumbles to dust.
You feel strangely unstable.
It was a scroll of teleportation.
The killer bee stings you! The killer bee stings you.
The killer bee closely misses you. The killer bee stings you.
* * * LOW HITPOINT WARNING * * *
The killer bee stings you.
* * * LOW HITPOINT WARNING * * *
The killer bee closely misses you. The killer bee barely misses you.
The killer bee closely misses you. The killer bee stings you.
You die...

##### #...# ##.#.# #
#..#.# ##### ##.##.#
#.... ##@y##.## #รท###
#yy###..# #.### #y## ##.#
####.... ......).# #.#
#....### ........# #.#
#.##.### ........#
#.####.#...## ....<...#
#........_...
........#.......#.##...#.
..y.......###.###.###.##.


You could see 4 killer bees.

Vanquished Creatures
  4 adders
  An adder skeleton (D:3)
  A worm (D:3)
  2 dart slugs (D:1)
  2 leopard geckos
  5 giant cockroaches
  9 goblins
  7 hobgoblins
  2 jackals (D:2)
  4 kobolds
  A quokka (D:2)
  A ball python (D:1)
  4 bats
  A frilled lizard (D:3)
  7 rats
51 creatures vanquished.

Vanquished Creatures (others)
  5 toadstools (D:1)
5 creatures vanquished.

Grand Total: 56 creatures vanquished

Notes
Turn   | Place    | Note
-------+----------+-------------------------------------------
     0 | D:1      | Froggeryz the Naga Transmuter began the quest for the Orb.
     0 | D:1      | Reached XP level 1. HP: 18/18 MP: 3/3
   203 | D:1      | Reached XP level 2. HP: 15/25 MP: 3/5
   982 | D:1      | Reached XP level 3. HP: 25/31 MP: 6/6
  1414 | D:2      | Reached skill level 4 in Unarmed Combat
  1804 | D:2      | Found a snail-covered altar of Cheibriados.
  1804 | D:2      | Found a stormy altar of Qazlal.
  1809 | D:2      | Found a glowing golden altar of the Shining One.
  1811 | D:2      | Found a glowing silver altar of Zin.
  1813 | D:2      | Found a shadowy altar of Dithmenos.
  2120 | D:2      | Found a hazy altar of Hepliaklqana.
  2121 | D:2      | Found a shimmering altar of Xom.
  2122 | D:2      | Noticed a spectral ugly thing
  2306 | D:3      | Reached XP level 4. HP: 26/38 MP: 5/7
  2619 | D:3      | Found a bloodstained altar of Trog.
  2661 | D:3      | HP: 2/57 [poisoned by an adder]
  3324 | D:3      | Slain by a killer bee

Illustrated notes

Levels and vault maps discovered:
D:1:      ldierk_walled_garden, layout_basic
D:2:      layout_loops_corners, chequers_temple_overflow_minitemple,
          regret_index_temple_of_mockery
D:3:      layout_rooms, nicolae_overflow_crystal_walls, lemuel_round_altar

Skill      XL: |  1  2  3  4 |
---------------+-------------+-----
Unarmed Combat | 4 |  4.7
Transmutations | 3 |  3.1
Fighting       | |  1.0
Dodging        | |  1.5
Spellcasting   | |  2.0

Action                   |  1- 3 |  4- 6 || total
-------------------------+-------+-------++-------
Melee: Unarmed           |   110 |    60 ||   170
       Headbutt          |     5 |     5 ||    10
       Punch             |     2 |       ||     2
 Cast: Beastly Appendage |     9 |     4 ||    13
 Abil: Spit Poison       |    10 |     7 ||    17
  Use: Potion            |       |     4 ||     4
       Scroll            |       |     1 ||     1
 Stab: Sleeping          |     1 |     1 ||     2
Armor: Robe              |    17 |     9 ||    26
       Skin              |       |     5 ||     5
Dodge: Dodged            |    58 |    40 ||    98

Table legend: (Time is in decaauts)
 A = Elapsed time spent in this place.
 B = Non-inter-level travel time spent in this place.
 C = Inter-level travel time spent in this place.
 D = Time resting spent in this place.
 E = Time spent auto-exploring this place.
 F = Levels seen in this place.
 G = Mean time per level.
                   A        B        C        D        E       F      G
               +--------+--------+--------+--------+--------+-----+--------+
         Total |   3894 |   3836 |     58 |    690 |   2717 |   3 | 1298.0 |
       Dungeon |   3894 |   3836 |     58 |    690 |   2717 |   3 | 1298.0 |
               +--------+--------+--------+--------+--------+-----+--------+

Top non-repeatable levels by time:
     D:2: 1550 daAuts
     D:1: 1242 daAuts
     D:3: 1101 daAuts
